 Dungeon Crawl Stone Soup version 0.21.1-1-g345015f (webtiles) character file.

1547683 contendunt the Invulnerable (level 27, -2/273 HPs)
             Began as a Minotaur Fighter on July 18, 2018.
             Was a High Priest of Zin.
             Killed from afar by an ancient champion (23 damage)
             ... with a stone arrow
             ... on level 3 of the Tomb of the Ancients on July 24, 2018.
             The game lasted 08:01:47 (156481 turns).

contendunt the Invulnerable (Minotaur Fighter)    Turns: 156481, Time: 08:01:48

Health: -2/273     AC: 67    Str: 36    XL:     27
Magic:  49/52      EV: 32    Int: 18    God:    Zin [*****.]
Gold:   6893       SH: 18    Dex: 28    Spells: 71/71 levels left

rFire    + . .     SeeInvis .   c - +18 lance "Wyrmbane" {slay drac, rPois rF+ rC+ AC+3}
rCold    + + +     Gourm    .   o - +2 buckler of Beghu {rElec Slay+3}
rNeg     + . .     Faith    .   G - +14 crystal plate armour {rC+}
rPois    ∞         Spirit   .   y - +2 hat
rElec    +         Reflect  +   H - +4 cloak "Qaumumoiv" {MR+}
rCorr    +         Harm     .   z - +3 pair of gloves "Voacsoc" {MP+9 Dex+4 Slay+2}
MR       ++++.     Clarity  +   Y - +2 pair of boots {run}
Stlth    ++........             a - amulet of the Distant Future {Reflect Slay+2 SH+3}
HPRegen  0.95/turn              E - ring of Kyuskut {+Blink rElec rF- MR+ Dex+6}
MPRegen  0.33/turn              Z - ring "Rinefaok" {rC+ rN+ Slay+5 Stlth-}

@: vitalised, resistant, slowed, very slow
A: retaliatory headbutt, horns 2, thin metallic scales 1, clarity, clumsy 1,
cold resistance 1, low mp 1, regeneration 1, weak 1, subdued magic 1, MP-powered
wands
}: 14/15 runes: barnacled, slimy, silver, iron, obsidian, icy, bone, abyssal,
demonic, glowing, magical, fiery, dark, gossamer
a: Recite, Vitalisation, Imprison, Sanctuary, Donate Gold, Renounce Religion,
Evoke Blink


You were on level 3 of the Tomb of the Ancients.
You worshipped Zin.
Zin was extremely pleased with you.
You were not hungry.

You visited 18 branches of the dungeon, and saw 90 of its levels.
You visited Pandemonium 3 times, and saw 17 of its levels.
You visited the Abyss 12 times.
You visited 1 ziggurat, and saw 17 of its levels.
You also visited: Trove, Ice Cave, Volcano, Wizlab and Desolation.

You collected 16635 gold pieces.
You spent 6326 gold pieces at shops.
You donated 3416 gold pieces to Zin.

Inventory:

Hand Weapons
 c - the +18 lance "Wyrmbane" (weapon) {slay drac, rPois rF+ rC+ AC+3}
   (You found it on level 3 of the Elven Halls)

   It affects your AC (+3).
   It protects you from fire.
   It protects you from cold.
   It protects you from poison.
 W - a +9 sacred scourge of holy wrath
Armour
 o - the +2 buckler of Beghu (worn) {rElec Slay+3}
   (Okawaru gifted it to you on level 3 of the Elven Halls)

   It affects your accuracy and damage with ranged weapons and melee attacks
   (+3).
   It insulates you from electricity.
 y - a +2 hat (worn)
 z - the +3 pair of gloves "Voacsoc" (worn) {MP+9 Dex+4 Slay+2}
   (Okawaru gifted it to you on level 5 of the Depths)

   It affects your dexterity (+4).
   It affects your accuracy and damage with ranged weapons and melee attacks
   (+2).
   It affects your magic capacity (+9).
 G - a +14 crystal plate armour of cold resistance (worn)
 H - the +4 cloak "Qaumumoiv" (worn) {MR+}
   (You found it in Pandemonium)

   It affects your resistance to hostile enchantments.
 Y - a +2 pair of boots of running (worn)
Jewellery
 a - the amulet of the Distant Future (around neck) {Reflect Slay+2 SH+3}
   (You found it on level 17 of a ziggurat)

   [amulet of reflection]

   It shields you and reflects attacks.
   It affects your accuracy and damage with ranged weapons and melee attacks
   (+2).
   It affects your SH (+3).
 E - the ring of Kyuskut (left hand) {+Blink rElec rF- MR+ Dex+6}
   (You bought it in a shop on level 2 of the Orcish Mines)

   [ring of protection from magic]

   It affects your dexterity (+6).
   It makes you vulnerable to fire.
   It insulates you from electricity.
   It affects your resistance to hostile enchantments.
   It lets you blink.
 Z - the ring "Rinefaok" (right hand) {rC+ rN+ Slay+5 Stlth-}
   (You found it in the Desolation of Salt)

   [ring of positive energy]

   It affects your accuracy and damage with ranged weapons and melee attacks
   (+5).
   It protects you from cold.
   It protects you from negative energy.
   It makes you less stealthy.
Wands
 j - a wand of digging (75)
Scrolls
 d - 14 scrolls of teleportation
 u - 8 scrolls of identify
 C - 2 scrolls of magic mapping
 I - 2 scrolls of silence
 J - a scroll of enchant weapon
 P - 60 scrolls of remove curse
Potions
 b - a potion of curing
 q - 2 potions of might
 A - 5 potions of haste
 B - 11 potions of flight
 U - 3 potions of resistance
Books
 e - a book of Cantrips

   Spells                             Type                      Level
   a - Confusing Touch                Hexes                        1
   b - Animate Skeleton               Necromancy                   1
   c - Summon Small Mammal            Summoning                    1
   d - Apportation                    Translocation                1
 h - a book of Power

   Spells                             Type                      Level
   a - Iskenderun's Battlesphere      Conjuration/Charms           5
   b - Venom Bolt                     Conjuration/Poison           5
   c - Bolt of Magma                  Conjuration/Fire/Earth       5
   d - Iron Shot                      Conjuration/Earth            6
   e - Orb of Destruction             Conjuration                  7
   f - Spellforged Servitor           Conjuration/Summoning        7
 i - a book of Ice

   Spells                             Type                      Level
   a - Ice Form                       Ice/Transmutation            4
   b - Metabolic Englaciation         Hexes/Ice                    5
   c - Ozocubu's Refrigeration        Ice                          6
   d - Bolt of Cold                   Conjuration/Ice              6
   e - Freezing Cloud                 Conjuration/Ice/Air          6
   f - Simulacrum                     Ice/Necromancy               6
 k - a book of Burglary

   Spells                             Type                      Level
   a - Swiftness                      Charms/Air                   2
   b - Passwall                       Transmutation/Earth          2
   c - Passage of Golubria            Translocation                4
   d - Lee's Rapid Deconstruction     Earth                        5
   e - Darkness                       Hexes                        6
   f - Invisibility                   Hexes                        6
 l - a book of Maledictions

   Spells                             Type                      Level
   a - Corona                         Hexes                        1
   b - Ensorcelled Hibernation        Hexes/Ice                    2
   c - Confuse                        Hexes                        3
   d - Tukima's Dance                 Hexes                        3
   e - Dazzling Spray                 Conjuration/Hexes            3
 m - a book of Enchantments

   Spells                             Type                      Level
   a - Cause Fear                     Hexes                        4
   b - Yara's Violent Unravelling     Hexes/Transmutation          5
   c - Silence                        Hexes/Air                    5
   d - Deflect Missiles               Charms/Air                   6
   e - Discord                        Hexes                        8
 r - the Catalogue of Virous Sinister Magic
   (You found it on level 3 of the Elven Halls)

   Spells                             Type                      Level
   a - Sting                          Conjuration/Poison           1
   b - Pain                           Necromancy                   1
   c - Ignite Poison                  Fire/Transmutation/Poison    3
   d - Venom Bolt                     Conjuration/Poison           5
   e - Simulacrum                     Ice/Necromancy               6
 s - a book of Unlife

   Spells                             Type                      Level
   a - Recall                         Summoning/Translocation      3
   b - Animate Dead                   Necromancy                   4
   c - Borgnjor's Vile Clutch         Necromancy/Earth             5
   d - Death Channel                  Necromancy                   6
   e - Simulacrum                     Ice/Necromancy               6
 t - a book of Summonings

   Spells                             Type                      Level
   a - Recall                         Summoning/Translocation      3
   b - Aura of Abjuration             Summoning                    5
   c - Summon Demon                   Summoning                    5
   d - Summon Forest                  Summoning/Translocation      5
   e - Summon Mana Viper              Hexes/Summoning              5
   f - Shadow Creatures               Summoning                    6
 v - a book of Conjurations

   Spells                             Type                      Level
   a - Magic Dart                     Conjuration                  1
   b - Searing Ray                    Conjuration                  2
   c - Dazzling Spray                 Conjuration/Hexes            3
   d - Fulminant Prism                Conjuration/Hexes            4
   e - Force Lance                    Conjuration/Translocation    4
   f - Iskenderun's Mystic Blast      Conjuration                  4
 w - Hoigon's Incunabulum of Glacial Damage Dealing
   (You found it in the Desolation of Salt)

   Spells                             Type                      Level
   a - Bolt of Magma                  Conjuration/Fire/Earth       5
   b - Simulacrum                     Ice/Necromancy               6
   c - Spellforged Servitor           Conjuration/Summoning        7
   d - Orb of Destruction             Conjuration                  7
 x - a book of Changes

   Spells                             Type                      Level
   a - Beastly Appendage              Transmutation                1
   b - Sticks to Snakes               Transmutation                2
   c - Spider Form                    Transmutation/Poison         3
   d - Ice Form                       Ice/Transmutation            4
   e - Blade Hands                    Transmutation                5
 D - a book of Frost

   Spells                             Type                      Level
   a - Freeze                         Ice                          1
   b - Throw Frost                    Conjuration/Ice              2
   c - Ozocubu's Armour               Charms/Ice                   3
   d - Throw Icicle                   Conjuration/Ice              4
   e - Summon Ice Beast               Ice/Summoning                4
 F - a Young Poisoner's Handbook

   Spells                             Type                      Level
   a - Sting                          Conjuration/Poison           1
   b - Poisonous Vapours              Poison/Air                   2
   c - Mephitic Cloud                 Conjuration/Poison/Air       3
   d - Olgreb's Toxic Radiance        Poison                       4
   e - Venom Bolt                     Conjuration/Poison           5
 K - the Papyrus of Cankerous Flames
   (You found it on level 4 of the Vaults)

   Spells                             Type                      Level
   a - Mephitic Cloud                 Conjuration/Poison/Air       3
   b - Sticky Flame                   Conjuration/Fire             4
   c - Alistair's Intoxication        Transmutation/Poison         5
   d - Ignition                       Fire                         8
 L - a book of the Sky

   Spells                             Type                      Level
   a - Summon Lightning Spire         Summoning/Air                4
   b - Silence                        Hexes/Air                    5
   c - Deflect Missiles               Charms/Air                   6
   d - Conjure Ball Lightning         Conjuration/Air              6
   e - Tornado                        Air                          9
 N - the Catalogue of Evil
   (You found it on level 5 of the Depths)

   Spells                             Type                      Level
   a - Animate Skeleton               Necromancy                   1
   b - Sublimation of Blood           Necromancy                   2
   c - Regeneration                   Charms/Necromancy            3
   d - Excruciating Wounds            Charms/Necromancy            5
   Zin disapproves of the use of such an item.
 Q - a book of the Earth

   Spells                             Type                      Level
   a - Leda's Liquefaction            Hexes/Earth                  4
   b - Bolt of Magma                  Conjuration/Fire/Earth       5
   c - Statue Form                    Transmutation/Earth          6
   d - Iron Shot                      Conjuration/Earth            6
   e - Shatter                        Earth                        9
 S - Sif Muna's Collected Works on Dark Magic
   (You found it on level 1 of the Elven Halls)

   Spells                             Type                      Level
   a - Pain                           Necromancy                   1
   b - Corpse Rot                     Necromancy                   2
   c - Regeneration                   Charms/Necromancy            3
   d - Agony                          Necromancy                   5
   e - Dispel Undead                  Necromancy                   5
   Zin disapproves of the use of such an item.
 T - a book of Flames

   Spells                             Type                      Level
   a - Flame Tongue                   Conjuration/Fire             1
   b - Throw Flame                    Conjuration/Fire             2
   c - Conjure Flame                  Conjuration/Fire             3
   d - Inner Flame                    Hexes/Fire                   3
   e - Sticky Flame                   Conjuration/Fire             4
   f - Fireball                       Conjuration/Fire             5
 V - a book of the Warp

   Spells                             Type                      Level
   a - Gell's Gravitas                Translocation                3
   b - Portal Projectile              Hexes/Translocation          3
   c - Force Lance                    Conjuration/Translocation    4
   d - Dispersal                      Translocation                6
   e - Controlled Blink               Translocation                8
   f - Disjunction                    Translocation                8
 X - Fezuesoec's Disquisition on the Icy Traveller
   (You found it in an ice cave)

   Spells                             Type                      Level
   a - Throw Frost                    Conjuration/Ice              2
   b - Ensorcelled Hibernation        Hexes/Ice                    2
   c - Teleport Other                 Translocation                3
Miscellaneous
 M - a phial of floods
 R - a sack of spiders
Comestibles
 f - 64 rations


   Skills:
 O Level 27 Fighting
 - Level 16.0 Maces & Flails
 - Level 15.0 Polearms
 - Level 6.0 Throwing
 O Level 27 Armour
 O Level 27 Dodging
 O Level 27 Stealth
 O Level 27 Shields
 * Level 17.3 Unarmed Combat
 - Level 22.9 Spellcasting
   Level 12.0 Transmutations
 O Level 27 Invocations
 O Level 27 Evocations


You had 71 spell levels left.
You didn't know any spells.

Dungeon Overview and Level Annotations

Branches:
Dungeon (15/15)            Temple (1/1) D:5            Lair (6/6) D:9
 Shoals (4/4) Lair:2       Spider (4/4) Lair:2        Slime (5/5) Lair:5
    Orc (2/2) D:12            Elf (3/3) Orc:2        Vaults (5/5) D:13
  Crypt (3/3) Vaults:2       Tomb (3/3) Crypt:3      Depths (5/5) D:15
   Hell (1/1)                 Dis (7/7) Hell            Geh (7/7) Hell
    Coc (7/7) Hell            Tar (7/7) Hell            Zot (5/5) Depths:5

Altars:
Ashenzari
Cheibriados
Dithmenos
Elyvilon
Fedhas
Gozag
Hepliaklqana
Kikubaaqudgha
Makhleb
Nemelex Xobeh
Okawaru
Qazlal
Ru
Sif Muna
Trog
Vehumet
Wu Jian
Xom
Yredelemnul
Zin
The Shining One
Beogh
Jiyva
Lugonu

Shops:
D:5 :   D:8 (   Orc:1 (!(   Orc:2 =*[(   Elf:1 (   Vaults:2 :*:
Vaults:5 %?!!%!%%   Depths:2 !!

Portals:
Hell: Depths:1 Depths:2 Depths:3 Depths:4 Depths:5
Abyss: Depths:1 Depths:2 Depths:4 Depths:5
Pandemonium: Depths:1 Depths:3 Depths:4 Depths:5

Annotations:
Slime:5 Royal Jelly


Innate Abilities, Weirdness & Mutations

You reflexively headbutt those who attack you in melee.
You have a pair of horns on your head.
You are partially covered in thin metallic scales. (AC +2)
You possess an exceptional clarity of mind.
You are clumsy. (Dex -2)
Your flesh is cold resistant. (rC+)
Your magical capacity is low. (-10% MP)
Your natural rate of healing is unusually fast.
You are weak. (Str -2)
Your spells are a little easier to cast, but a little less powerful.
You expend magic power (3 MP) to strengthen your wands.


Message History

* * * LOW HITPOINT WARNING * * *
The emperor scorpion disappears in a puff of smoke! x3
The emperor scorpion misses you. You furiously retaliate!
You headbutt the emperor scorpion!
You block the emperor scorpion's attack. x2
The emperor scorpion misses you. You furiously retaliate!
You headbutt the emperor scorpion! The emperor scorpion misses you.
The emperor scorpion completely misses you.
The ancient champion points at you and mumbles some strange words.
The bolt of negative energy misses you.
The bolt of negative energy hits the emperor scorpion.
The emperor scorpion is drained!
The emperor scorpion completely misses you.
You furiously retaliate!
You headbutt the emperor scorpion!
You block the emperor scorpion's attack. x2
The ettin zombie misses you. x2
The guardian mummy hits you but does no damage.
The ancient champion casts a spell at you.
The stone arrow hits you!
You die...

########
######....z.####
##....M.MM.zM..%.
##....zzM...8.....
##.§§...#.8....#...
#.M.s...#.8..MM# .
#.§s@Z..#.....!#
#..M...##$M....#
#.....[##......#
#......##......#
.......###......#
........# ##$...##
........## #....#
(.....### #..φ.#
######


You could see 2 greater mummies, 2 emperor scorpions, 2 ancient champions, 2
guardian mummies, 2 mummies and an ettin zombie.

Vanquished Creatures
  Cerebov (Pan)
  Antaeus (Coc:7)
  Asmodeus (Geh:7)
  Ereshkigal (Tar:7)
  Lom Lobon (Pan)
  Gloorx Vloq (Pan)
  Mnoleg (Pan)
  the Serpent of Hell (Dis:7)
  Dispater (Dis:7)
  The ghost of listentometal the Pyromancer, a legendary OpFE of Vehumet (Pan)
  4 orbs of fire (Zot:5)
  16 ancient liches
  Mennas (Crypt:1)
  14 pandemonium lords
  3 juggernauts
  Boris (Depths:4)
  20 shard shrikes
  4 greater mummies
  Saint Roka (Depths:1)
  Frederick (Crypt:2)
  5 caustic shrikes
  3 curse toes
  17 Killer Klowns
  Geryon (Hell)
  The ghost of Renzlar the Hoplite, a legendary GrFi of Okawaru (Zot:5)
  the Enchantress (Depths:4)
  5 profane servitors
  10 golden dragons
  49 bone dragons
  16 doom hounds
  19 liches
  40 Tzitzimimeh
  6 electric golems
  32 Brimstone Fiends
  12 iron giants
  Jorgrun (Depths:4)
  24 tentacled monstrosities
  6 hellephants
  Rupert (D:15)
  16 Hell Sentinels
  10 Orb Guardians (Zot:5)
  Asterion (Elf:2)
  27 Ice Fiends
  The ghost of bande the Severer, an adept GrFi of Okawaru (Elf:3)
  12 deep elf master archers
  22 titans
  An acid blob (Zot:4)
  Frances (Spider:2)
  10 quicksilver dragons
  7 death cobs
  A sphinx (shapeshifter) (Zig:17)
  42 Executioners
  11 deep elf blademasters
  26 ancient champions
  11 sphinxes
  3 krakens
  4 eldritch tentacles
  58 tentacled starspawn
  20 shadow dragons
  Kirke (D:12)
  14 draconian monks
  Roxanne (Spider:1)
  7 tengu reavers
  A shadow dragon (shapeshifter) (Zig:17)
  2 azure jellies
  13 storm dragons
  5 revenants
  The ghost of FallenXxXSky the Bludgeoner, a journeyman MiBe of Trog (D:15)
  27 fire giants
  Donald (Crypt:1)
  Ilsuiw (Shoals:4)
  2 daevas
  3 imperial myrmidons (Desolation)
  14 iron dragons
  10 draconian knights
  57 balrugs
  6 deep elf sorcerers
  11 draconian scorchers
  Louise (Depths:2)
  31 frost giants
  13 warmongers
  6 ghost moths
  11 draconian shifters
  3 emperor scorpions
  6 orc warlords
  27 cacodemons
  An emperor scorpion (shapeshifter) (Abyss:3)
  5 deep elf elementalists
  3 angels
  3 curse skulls
  3 elemental wellsprings (Coc:7)
  A juggernaut zombie (Zig:16)
  11 ironheart preservers
  7 draconian stormcallers
  15 vault wardens
  2 caustic shrike skeletons
  125 reapers
  12 ghouls
  16 draconian annihilators
  33 very ugly things
  32 war gargoyles
  10 corrupters (Pan)
  6 spriggan defenders
  12 blood saints (Pan)
  28 vampire knights
  Nessos (D:15)
  An entropy weaver (shapeshifter) (Zig:17)
  47 stone giants
  2 ophanim (Abyss:1)
  5 deep elf demonologists
  12 green draconians
  11 entropy weavers
  Azrael (D:12)
  6 bennus
  10 red draconians
  11 white draconians
  A dire elephant (shapeshifter) (Zig:17)
  17 lorocyprocas
  3 halazid warlocks (Desolation)
  11 black suns (Pan)
  18 black draconians
  13 spark wasps
  2 dire elephants (Zot:3)
  12 deep elf annihilators
  10 deep elf death magi
  9 purple draconians
  8 yellow draconians
  16 ettins
  21 green deaths
  2 death oozes (Tomb:1)
  19 merfolk javelineers
  7 deep elf high priests
  10 fire dragons
  12 eidola
  43 blizzard demons
  16 mummy priests
  6 crystal guardians
  11 quicksilver dragon zombies
  11 great orbs of eyes
  11 merfolk impalers
  24 yaktaur captains
  4 kraken zombies
  7 ragged hierophants
  29 jiangshi
  7 hydras
  7 servants of whispers (Desolation)
  6 quicksilver dragon skeletons
  4 naga warriors (Abyss:4)
  8 ogre magi
  10 rakshasas
  6 hell beasts
  Harold (D:15)
  37 ice dragons
  25 vault guards
  A catoblepas (Lair:6)
  6 spriggan air magi
  3 ghost crabs
  2 juggernaut simulacra (Pan)
  8 peacekeepers (Desolation)
  10 centaur warriors
  13 monstrous demonspawn (Pan)
  An alligator snapping turtle (Shoals:4)
  5 merfolk aquamancers
  A satyr (Shoals:2)
  4 merfolk avatars
  5 death knights
  An anaconda (shapeshifter) (Depths:5)
  A two-headed ogre (shapeshifter) (Zig:17)
  12 deep troll shamans
  8 tengu warriors
  Erica (D:11)
  20 two-headed ogres
  14 death scarabs
  20 vampire magi
  37 dancing weapons
  4 death yaks (Lair:6)
  10 orc high priests
  15 titan zombies
  18 deep troll earth magi
  69 hell hogs
  90 thrashing horrors
  34 deep elf knights
  A queen ant (Spider:1)
  7 spriggan berserkers
  3 shock serpents (Pan)
  18 storm dragon zombies
  Sonja (Lair:3)
  47 soul eaters
  10 titan skeletons
  19 iron golems
  99 sun demons
  48 wretched stars
  82 hell knights
  30 slime creatures
  34 sixfirhies
  12 storm dragon skeletons
  269 skeletal warriors
  17 spatial maelstroms
  A salamander mystic (Depths:5)
  5 death drakes
  16 shadow wraiths
  3 fire crabs (shapeshifter)
  13 golden dragon zombies
  18 anaconda zombies
  A swamp dragon (shapeshifter) (Vaults:5)
  A cherub (Pan)
  15 unseen horrors
  24 flayed ghosts
  A glowing orange brain (shapeshifter) (Zig:8)
  18 sea snakes
  12 gelid demonspawn (Pan)
  11 glowing orange brains
  29 shadow demons
  18 iron trolls
  49 deep trolls
  3 ghost moth zombies
  21 deep elf archers
  A kraken simulacrum (Shoals:4)
  10 torturous demonspawn (Pan)
  15 infernal demonspawn (Pan)
  An orange crystal statue (Elf:1)
  10 shadow dragon zombies
  12 wizards
  7 wolf spider zombies
  25 phantasmal warriors
  An iron giant skeleton (Crypt:1)
  7 ironbrand convokers
  7 golden dragon skeletons
  5 lindwurms
  23 orc knights
  13 anaconda skeletons
  12 harpies
  14 orb spiders
  27 wolf spiders
  16 frost giant zombies
  40 necromancers
  12 cyclopes
  207 large abominations
  22 stone giant zombies
  3 tengu skeletons
  A shining eye (shapeshifter) (Zig:8)
  9 shadow dragon skeletons
  2 mana vipers
  The ghost of fourfacedrat the Slasher, a novice OpFi (D:6)
  7 fauns
  20 iron dragon zombies
  14 fire giant zombies
  9 oklob plants
  2 elephants (shapeshifter)
  11 orc sorcerers
  A shining eye (Zot:4)
  15 worldbinders
  85 deep elf magi
  21 moths of wrath
  9 frost giant skeletons
  10 merfolk sirens
  16 iron dragon skeletons
  A cyclops (shapeshifter) (Vaults:5)
  87 ugly things
  12 manticores
  A manticore (shapeshifter) (Depths:5)
  4 salamanders
  2 toenail golems
  A faun (shapeshifter) (Vaults:5)
  26 elephants
  15 stone giant skeletons
  Maurice (D:11)
  3 guardian serpents
  55 rust devils
  21 apocalypse crabs
  7 ice statues
  2 black mambas
  6 shock serpent zombies
  2 guardian serpents (shapeshifter)
  16 fire giant skeletons
  3 centaur zombies
  14 vault sentinels
  8 dire elephant zombies
  A torpor snail (shapeshifter) (Depths:5)
  6 water nymphs
  3 torpor snails
  82 smoke demons
  6 emperor scorpion zombies
  5 gargoyles
  5 spriggan zombies
  25 molten gargoyles
  A death yak zombie (Crypt:2)
  4 spriggan skeletons
  4 eyes of devastation
  A white draconian zombie (Geh:7)
  9 dire elephant skeletons
  14 spiny frogs
  53 orange demons
  2 rime drakes (Lair:3)
  8 centaur skeletons
  A grey draconian zombie (Crypt:2)
  7 komodo dragons
  50 yaktaurs
  62 freezing wraiths
  56 hellions
  4 tengu conjurers
  A yaktaur zombie (D:15)
  95 tormentors
  A yaktaur (shapeshifter) (Depths:5)
  38 demonic crawlers
  33 guardian mummies
  A kobold demonologist (D:15)
  21 efreet
  5 anaconda simulacra
  A sea snake skeleton (Crypt:2)
  35 hellwings
  A queen bee (shapeshifter) (Vaults:1)
  97 ice devils
  31 hydra zombies
  A yellow draconian skeleton (Geh:7)
  11 trolls
  3 meliai (D:15)
  A jumping spider (shapeshifter) (Abyss:3)
  3 silent spectres
  3 catoblepas skeletons
  46 merfolk
  7 polar bears
  9 harpy zombies
  88 red devils
  2 shadow dragon simulacra
  28 ancient zymes
  4 wind drakes (Shoals:4)
  A polar bear (shapeshifter) (Depths:3)
  A slime creature (shapeshifter) (Zig:8)
  Prince Ribbit (D:7)
  30 jumping spiders
  48 saltlings
  14 hydra skeletons
  A wind drake (shapeshifter) (Vaults:4)
  3 harpy skeletons
  13 blink frogs
  17 ettin zombies
  14 alligator zombies
  A minotaur skeleton (Geh:4)
  8 bog bodies
  13 dream sheep
  30 hornets
  An iron dragon simulacrum (Abyss:3)
  15 hippogriffs
  10 ice dragon zombies
  A stone giant simulacrum (Coc:7)
  12 snapping turtles
  6 fire dragon zombies
  A frost giant simulacrum (Abyss:5)
  A jumping spider zombie (Crypt:2)
  66 raiju
  14 ettin skeletons
  6 air elementals
  5 black mamba zombies
  66 redbacks
  13 fire dragon skeletons
  9 alligator skeletons
  82 shadows
  8 spriggans
  A yak (shapeshifter) (Depths:3)
  35 water elementals
  167 starcursed masses
  14 ice dragon skeletons
  A satyr skeleton (Crypt:1)
  232 flying skulls
  A spriggan (shapeshifter) (Vaults:3)
  A hog (D:12)
  30 tarantellas
  5 ushabtiu
  11 fire bats
  6 vampires
  A human (shapeshifter) (Abyss:4)
  4 black mamba skeletons
  62 ynoxinuls
  67 wraiths
  49 fire elementals
  14 golden eyes
  61 yaks
  2 basilisks (shapeshifter)
  A wyvern (Lair:4)
  3 basilisks
  75 neqoxecs
  3 vampire mosquitoes (D:15)
  10 hungry ghosts
  37 spatial vortices
  9 humans (Zot:3)
  50 chaos spawn
  9 wargs
  Menkaure (D:6)
  17 insubstantial wisps
  4 nagas
  25 spiny frog zombies
  3 tengu zombies
  2 merfolk zombies
  6 soldier ants
  Edmund (D:6)
  3 acid dragons
  2 merfolk skeletons
  6 water moccasins
  101 hell hounds
  Duvessa (D:6)
  3 floating eyes
  5 hydra simulacra
  9 porcupines
  A floating eye (shapeshifter) (Vaults:5)
  6 spiny frog skeletons
  69 orc warriors
  A monstrous demonspawn skeleton (Coc:6)
  A black bear (shapeshifter) (Elf:1)
  A hornet zombie (D:11)
  9 sky beasts
  124 small abominations
  5 manticore zombies
  A sky beast (shapeshifter) (Vaults:1)
  6 black bears
  3 fire dragon simulacra
  33 ice beasts
  An ettin simulacrum (Crypt:1)
  6 eyes of draining
  40 necrophages
  13 phantoms
  6 swamp dragon zombies
  A gelid demonspawn skeleton (Crypt:1)
  21 ogres
  11 snapping turtle zombies
  A boggart (shapeshifter) (Depths:3)
  10 wolves
  4 swamp dragon skeletons
  16 centaurs
  9 crocodiles
  11 snapping turtle skeletons
  3 manticore skeletons
  5 elf zombies
  2 big kobolds
  4 elf skeletons
  13 bullfrogs
  Dowan (D:6)
  4 spiny frog simulacra
  6 earth elementals
  A yaktaur skeleton (D:15)
  A water moccasin zombie (D:6)
  A polar bear zombie (Crypt:2)
  2 troll zombies
  4 scorpions
  11 killer bees
  A manticore simulacrum (Coc:6)
  160 wights
  A yak skeleton (Crypt:2)
  4 electric eels
  3 troll skeletons
  2 howler monkeys
  21 crimson imps
  5 human zombies
  A jelly (shapeshifter) (Abyss:3)
  14 quasits
  39 iron imps
  89 jellies
  2 bullfrog skeletons
  2 bullfrog zombies
  39 orc priests
  A gnoll shaman (D:8)
  8 hounds
  3 human skeletons
  3 iguanas
  32 orc wizards
  12 worker ants
  A lightning spire (Zig:12)
  2 naga zombies
  An ogre zombie (Crypt:3)
  A dwarf skeleton (Crypt:2)
  A deep dwarf skeleton (Crypt:3)
  A naga skeleton (Geh:7)
  An ogre skeleton (Geh:7)
  A hound zombie (D:8)
  A hound skeleton (D:6)
  50 mummies
  A howler monkey zombie (D:6)
  A worker ant zombie (D:10)
  4 gnolls (D:8)
  A howler monkey skeleton (D:9)
  10 adders
  2 swamp drake skeletons
  18 shadow imps
  42 white imps
  24 ufetubi
  2 oozes
  7 worms
  A halfling skeleton (Crypt:3)
  A ball lightning (Pan)
  2 dart slugs (D:1)
  4 leopard geckos
  129 orcs
  4 bats
  7 giant cockroaches
  9 goblins
  3 hobgoblins
  23 jackals
  8 kobolds
  5 quokkas
  A ball python skeleton (Crypt:2)
  2 frilled lizards
  A jackal skeleton (D:5)
  A jackal zombie (D:9)
  3 kobold skeletons
  2 kobold zombies
  A leopard gecko zombie (D:6)
  A quokka zombie (Crypt:1)
  5 rats
  2 bushes (Lair:1)
  10 crawling corpses
  A demonic plant (Pan)
  4 fire vortices
  6 lurking horrors
  26 pillars of salt
  8 plants
  74 starspawn tentacles
  17 tentacles
  3 withered plants (Crypt:3)
8240 creatures vanquished.

Vanquished Creatures (collateral kills)
  A pandemonium lord (Pan)
  A titan (Pan)
  A warmonger (Pan)
  A black sun (Pan)
  A corrupter (Pan)
  3 blizzard demons (Pan)
  A death scarab (Tomb:2)
  A naga sharpshooter (Zig:15)
  A torturous demonspawn (Pan)
  A hell knight (Zig:16)
  An infernal demonspawn (Pan)
  5 ice statues (Pan)
  2 guardian mummies (Tomb:2)
  A red devil (Pan)
  2 flying skulls (Tomb:2)
  3 mummies (Tomb:2)
26 creatures vanquished.

Vanquished Creatures (others)
  An iron giant (Zig:10)
  An acid blob (Slime:5)
  5 eldritch tentacles
  A deep elf master archer (D:15)
  2 draconian monks
  2 elemental wellsprings (Coc:5)
  A very ugly thing (Abyss:1)
  2 blood saints (Pan)
  A bennu (Tomb:3)
  A death ooze (Tomb:1)
  A mummy priest (Tomb:1)
  A kraken zombie (Hell)
  2 great orbs of eyes (Slime:2)
  A great orb of eyes (shapeshifter) (Abyss:3)
  2 centaur warriors (Zig:15)
  18 death scarabs (Tomb:2)
  4 hell hogs
  An unseen horror (Abyss:3)
  A glowing orange brain (Slime:2)
  A necromancer (Dis:2)
  A faun (Zig:15)
  A centaur zombie (D:12)
  An eye of devastation (Slime:4)
  2 yaktaurs (Zig:15)
  A guardian mummy (Tomb:1)
  A harpy skeleton (Geh:7)
  A raiju (Abyss:1)
  22 slime creatures
  A slime creature (shapeshifter) (Abyss:3)
  2 flying skulls
  2 wraiths
  A ynoxinul (Pan)
  A golden eye (Slime:5)
  A neqoxec (Abyss:1)
  An orc warrior (Elf:3)
  An eye of draining (Abyss:3)
  A boggart (Depths:2)
  A necrophage (Geh:3)
  4 wights
  33 jellies
  A crimson imp (Hell)
  An iron imp (Zig:9)
  A hound (D:8)
  A white imp (IceCv)
  3 ufetubi
  12 ball lightnings (Pan)
  An orc (Elf:3)
  An orc zombie (Tomb:2)
  2 bushes
  6 demonic plants
  3 fire vortices
  6 fungi
  7 lurking horrors
  119 pillars of salt
  23 plants
  81 starspawn tentacles
  33 tentacles
  4 withered plants (D:15)
433 creatures vanquished.

Grand Total: 8699 creatures vanquished

Notes
Turn   | Place    | Note
-------+----------+-------------------------------------------
     0 | D:1      | contendunt the Minotaur Fighter began the quest for the Orb.
     0 | D:1      | Reached XP level 1. HP: 19/19 MP: 0/0
    85 | D:1      | Reached XP level 2. HP: 24/26 MP: 1/1
   570 | D:2      | Reached XP level 3. HP: 27/31 MP: 2/2
  1036 | D:2      | Found a faded altar of an unknown god.
  1113 | D:2      | Reached skill level 5 in Maces & Flails
  1415 | D:3      | Reached XP level 4. HP: 33/39 MP: 3/3
  1514 | D:3      | Found a blossoming altar of Fedhas.
  1603 | D:3      | You fall through a shaft!
  1653 | D:4      | Reached XP level 5. HP: 45/45 MP: 4/4
  1717 | D:4      | Reached XP level 6. HP: 23/51 MP: 5/5
  2113 | D:5      | Entered Level 5 of the Dungeon
  2113 | D:5      | Found Hedeaj's Book Shop.
  2152 | D:5      | Reached XP level 7. HP: 31/57 MP: 6/6
  2176 | D:5      | Found a staircase to the Ecumenical Temple.
  2228 | Temple   | Entered the Ecumenical Temple
  2254 | Temple   | Became a worshipper of Warmaster Okawaru
  2286 | D:5      | Found a shimmering altar of Xom.
  2373 | D:5      | Found an ornate altar of the Wu Jian Council.
  2725 | D:6      | Noticed Menkaure
  2735 | D:6      | Killed Menkaure
  2735 | D:6      | Reached skill level 10 in Maces & Flails
  2737 | D:6      | Noticed Dowan
  2962 | D:6      | Reached * piety under Okawaru
  3093 | D:6      | Noticed Duvessa
  3101 | D:6      | Killed Duvessa
  3101 | D:6      | Reached XP level 8. HP: 61/64 MP: 7/7
  3112 | D:6      | Killed Dowan
  3159 | D:6      | Noticed Edmund
  3171 | D:6      | Killed Edmund
  3262 | D:6      | Noticed fourfacedrat's ghost (novice OpFi)
  3282 | D:6      | Killed fourfacedrat's ghost
  3282 | D:6      | Reached ** piety under Okawaru
  3713 | D:6      | Reached XP level 9. HP: 70/70 MP: 8/8
  3723 | D:6      | Found a sacrificial altar of Ru.
  3804 | D:6      | Found a basalt altar of Yredelemnul.
  3910 | D:7      | Reached *** piety under Okawaru
  4034 | D:7      | Reached skill level 1 in Dodging
  4165 | D:7      | Found a transporter.
  4196 | D:7      | Reached skill level 5 in Armour
  4428 | D:7      | Found a corrupted altar of Lugonu.
  4431 | D:7      | Noticed a brown ugly thing
  4432 | D:7      | Noticed a white ugly thing
  4432 | D:7      | Noticed a white ugly thing
  4432 | D:7      | Noticed a purple ugly thing
  4444 | D:7      | Killed a white ugly thing
  4444 | D:7      | Reached skill level 5 in Shields
  4446 | D:7      | Reached **** piety under Okawaru
  5305 | D:8      | Reached skill level 5 in Fighting
  5320 | D:8      | Noticed Prince Ribbit
  5336 | D:7      | Killed Prince Ribbit
  5347 | D:7      | Reached XP level 10. HP: 20/81 MP: 9/9
  5696 | D:8      | Found Icleam's Weapon Shop.
  6496 | D:9      | Reached ***** piety under Okawaru
  6774 | D:9      | Gained mutation: You evolve. [potion of mutation]
  6774 | D:9      | Gained mutation: You have large cloven feet. [potion of mutation]
  6774 | D:9      | Gained mutation: Your muscles are strong. (Str +2) [potion of mutation]
  6774 | D:9      | Gained mutation: You are partially covered in rugged brown scales. (AC +1, +3% HP) [potion of mutation]
  7138 | D:9      | Found a bloodstained altar of Trog.
  7158 | D:9      | Found a staircase to the Lair.
  7254 | D:10     | Entered Level 10 of the Dungeon
  7275 | D:10     | Reached skill level 5 in Dodging
  7438 | D:10     | Reached XP level 11. HP: 79/93 MP: 10/10
  7443 | D:10     | Received a gift from Okawaru
  8369 | D:11     | Found a portal to a secret trove of treasure.
  8402 | D:11     | Noticed Erica
  8407 | D:11     | Killed Erica
  8439 | Trove    | Entered a treasure trove
  8451 | Trove    | Got a faintly glowing great mace
  8457 | Trove    | Identified the +11 great mace "Newt's Nightmare" {drain, *Drain rC+ Int+4} (You found it in a treasure trove)
  8465 | Trove    | Got a crystal eveningstar
  8466 | Trove    | Identified the +8 eveningstar of the Vanishing Allies {speed, rN+} (You found it in a treasure trove)
  8479 | Trove    | Got a jewelled fustibalus
  8609 | D:11     | Noticed Maurice
  8616 | D:11     | Killed Maurice
  8726 | D:12     | Noticed Azrael
  8727 | D:12     | Reached skill level 10 in Shields
  9062 | Lair:1   | Entered Level 1 of the Lair of Beasts
  9072 | Lair:1   | Reached skill level 10 in Armour
  9206 | Lair:1   | Noticed an oklob plant
  9206 | Lair:1   | Noticed an oklob plant
  9209 | Lair:1   | Noticed an eight-headed hydra
  9222 | Lair:1   | Killed an eight-headed hydra
  9599 | Lair:1   | Got a spiked chain mail
  9610 | Lair:1   | Identified the +0 chain mail "Imudahag" {-Tele MR++ Dex+2} (You found it on level 1 of the Lair of Beasts)
  9678 | Lair:1   | Noticed an oklob plant
  9699 | Lair:1   | Noticed an oklob plant
  9708 | Lair:1   | Killed an oklob plant
  9725 | Lair:1   | Killed an oklob plant
  9809 | Lair:1   | Reached XP level 12. HP: 97/106 MP: 11/11
 10489 | Lair:1   | Gained mutation: Your mind is acute. (Int +2) [evolution]
 11826 | Lair:2   | Found a hole to the Spider Nest.
 12063 | Lair:2   | Noticed a six-headed hydra
 12076 | Lair:2   | Killed a six-headed hydra
 12172 | Lair:2   | Found a staircase to the Shoals.
 12714 | Lair:3   | Reached skill level 1 in Invocations
 12823 | Lair:3   | Noticed Sonja
 12848 | Lair:3   | Killed Sonja
 13328 | Lair:3   | Reached ****** piety under Okawaru
 13437 | Lair:3   | Reached XP level 13. HP: 116/116 MP: 13/13
 13441 | Lair:3   | Lost mutation: Your mind is acute. (Int +2) [potion of mutation]
 13441 | Lair:3   | Lost mutation: You evolve. [potion of mutation]
 13441 | Lair:3   | Lost mutation: Your muscles are strong. (Str +2) [potion of mutation]
 13441 | Lair:3   | Gained mutation: You are agile. (Dex +2) [potion of mutation]
 13441 | Lair:3   | Gained mutation: You have a pair of large horns on your head. [potion of mutation]
 13441 | Lair:3   | Gained mutation: You have sharp fingernails. [potion of mutation]
 13493 | Lair:3   | Received a gift from Okawaru
 14251 | Lair:4   | Reached skill level 10 in Fighting
 14331 | Lair:4   | Found a dark tunnel.
 14376 | Volcano  | Entered a volcano
 15908 | Lair:5   | Received a gift from Okawaru
 15925 | Lair:5   | Got an amber-studded plate armour {god gift}
 15936 | Lair:5   | Identified the +1 plate armour "Daitsenn" {rC+ rN+} (Okawaru gifted it to you on level 5 of the Lair of Beasts)
 16256 | Lair:5   | Found a viscous altar of Jiyva.
 16256 | Lair:5   | Found a staircase to the Slime Pits.
 16696 | D:12     | Killed Azrael
 16747 | D:12     | Noticed Kirke
 16762 | D:12     | Killed Kirke
 17092 | D:12     | Found a staircase to the Orcish Mines.
 17158 | D:12     | Noticed Harold
 17329 | D:12     | You fall through a shaft for 3 floors!
 17329 | D:15     | Entered Level 15 of the Dungeon
 17329 | D:15     | Noticed FallenXxXSky's ghost (journeyman MiBe)
 17335 | D:15     | Reached XP level 14. HP: 125/125 MP: 8/16
 17349 | D:15     | Killed FallenXxXSky's ghost
 17385 | D:15     | Received a gift from Okawaru
 17540 | D:14     | Reached skill level 5 in Invocations
 17808 | D:13     | Reached skill level 15 in Shields
 17973 | D:13     | Reached skill level 15 in Armour
 18100 | D:13     | Found a gate to the Vaults.
 18118 | D:13     | Reached skill level 10 in Dodging
 18236 | Orc:1    | Entered Level 1 of the Orcish Mines
 18249 | Orc:1    | Found Zuigal's Weapon Emporium.
 18269 | Orc:1    | Found Onabaove's Distillery.
 18292 | Orc:1    | Bought a potion of heal wounds for 80 gold pieces
 18440 | Orc:1    | Found Huqu's Antique Weapon Boutique.
 18517 | Orc:2    | Entered Level 2 of the Orcish Mines
 18532 | Orc:2    | Noticed an orc warlord
 18560 | Orc:2    | Killed an orc warlord
 18560 | Orc:2    | Received a gift from Okawaru
 18561 | Orc:2    | Found the +3 robe of Clouds {+Fly rElec}
 18655 | Orc:2    | Found a staircase to the Elven Halls.
 18939 | Orc:2    | Noticed an orc warlord
 19823 | Orc:2    | Paralysed by an orc sorcerer for 3 turns
 19865 | Orc:2    | Killed an orc warlord
 19917 | Orc:2    | Found Boaxzilu's General Store.
 19924 | Orc:2    | Found Hocsunli's Jewellery Emporium.
 19999 | Orc:2    | Found Hecuivuqoh's Antique Armour Emporium.
 19999 | Orc:2    | Found Gucos's Antique Weapon Shoppe.
 20005 | Orc:2    | Bought a potion of heal wounds for 80 gold pieces
 20181 | Orc:2    | Bought the ring of Kyuskut {+Blink rElec rF- MR+ Dex+6} for 774 gold pieces
 20429 | D:14     | Reached XP level 15. HP: 131/136 MP: 16/18
 20699 | D:14     | Received a gift from Okawaru
 21267 | D:15     | Noticed Nessos
 21292 | D:15     | Killed Nessos
 21512 | D:15     | Found a staircase to the Depths.
 21577 | D:15     | Killed Harold
 22047 | D:15     | Noticed Rupert
 22055 | D:15     | Killed Rupert
 22413 | Spider:1 | Entered Level 1 of the Spider Nest
 22450 | Spider:1 | Noticed Roxanne
 22473 | Spider:1 | Killed Roxanne
 22998 | Spider:1 | Noticed a ghost moth
 23012 | Spider:1 | Killed a ghost moth
 23070 | Spider:1 | Received a gift from Okawaru
 23112 | Spider:1 | Reached XP level 16. HP: 102/149 MP: 6/19
 23591 | Lair:6   | Entered Level 6 of the Lair of Beasts
 24167 | Lair:6   | Received a gift from Okawaru
 25391 | Spider:2 | Noticed Frances
 25408 | Spider:2 | Killed Frances
 25492 | Spider:2 | Received a gift from Okawaru
 26158 | Spider:3 | Found a frozen archway.
 26181 | IceCv    | Entered an ice cave
 26289 | IceCv    | Identified a +0 pair of boots of running (You found it in an ice cave)
 26338 | IceCv    | Noticed an Ice Fiend
 26346 | IceCv    | Noticed an Ice Fiend
 26364 | IceCv    | Killed an Ice Fiend
 26371 | IceCv    | Killed an Ice Fiend
 26371 | IceCv    | Reached skill level 15 in Fighting
 26511 | IceCv    | Identified Fezuesoec's Disquisition on the Icy Traveller
 26926 | Spider:3 | Identified a scroll of acquirement
 27395 | Spider:3 | Reached XP level 17. HP: 160/160 MP: 20/20
 27703 | Spider:4 | Entered Level 4 of the Spider Nest
 27877 | Spider:4 | Received a gift from Okawaru
 28385 | Spider:4 | Reached skill level 15 in Maces & Flails
 28927 | Spider:4 | Got a gossamer rune of Zot
 28998 | Spider:4 | Received a gift from Okawaru
 29599 | Elf:1    | Entered Level 1 of the Elven Halls
 29643 | Elf:1    | Received a gift from Okawaru
 30042 | Elf:1    | Found Feosappilley's Antique Weapon Boutique.
 30106 | Elf:1    | Received a gift from Okawaru
 30154 | Elf:1    | Identified Sif Muna's Collected Works on Dark Magic
 30819 | Elf:2    | Found a runed gate.
 30864 | Elf:2    | Found a runed gate.
 30864 | Elf:2    | Found a runed gate.
 30890 | Elf:2    | Noticed Asterion
 30917 | Elf:2    | Killed Asterion
 30917 | Elf:2    | Reached XP level 18. HP: 124/173 MP: 13/21
 31861 | Elf:2    | Received a gift from Okawaru
 32096 | Elf:3    | Entered Level 3 of the Elven Halls
 33010 | Elf:3    | Noticed bande's ghost (adept GrFi)
 33035 | Elf:3    | Killed bande's ghost
 33057 | Elf:3    | Found Ahybb's Food Emporium.
 33115 | Elf:3    | Noticed a Tzitzimitl
 33169 | Elf:3    | Noticed a Tzitzimitl
 33170 | Elf:3    | Received a gift from Okawaru
 33189 | Elf:3    | Noticed a Hell Sentinel
 33223 | Elf:3    | HP: 3/175 [deep elf sorcerer/damnation (44)]
 33224 | Elf:3    | Gained mutation: You are occasionally teleported next to monsters. [a neqoxec]
 33225 | Elf:3    | Noticed a Hell Sentinel
 33518 | Elf:3    | Noticed a Tzitzimitl
 34006 | Elf:3    | Reached XP level 19. HP: 124/184 MP: 15/22
 34082 | Elf:3    | Got a bloodstained buckler {god gift}
 34093 | Elf:3    | Identified the +2 buckler of Beghu {rElec Slay+3} (Okawaru gifted it to you on level 3 of the Elven Halls)
 34121 | Elf:3    | Got a translucent amber ring
 34215 | Elf:3    | Found the +2 cloak of the Thief {+Fog Slay-2 SInv Stlth+}
 34216 | Elf:3    | Identified the Catalogue of Virous Sinister Magic
 34241 | Elf:3    | Found the +8 lance "Wyrmbane" {slay drac, rPois rF+ rC+ AC+3}
 34256 | Elf:3    | Identified the ring "Fumihec" {rF+ Dex+5} (You took it off a deep elf mage on level 3 of the Elven Halls)
 34723 | Vaults:1 | Entered Level 1 of the Vaults
 34737 | Vaults:1 | Reached skill level 1 in Polearms
 34924 | Vaults:1 | Reached skill level 5 in Polearms
 35202 | Vaults:1 | Reached skill level 15 in Dodging
 35308 | Vaults:1 | Received a gift from Okawaru
 36056 | Vaults:2 | Reached skill level 10 in Polearms
 36320 | Vaults:2 | Found Siloxtop's Assorted Antiques.
 36441 | Vaults:2 | Received a gift from Okawaru
 36452 | Vaults:2 | Got a turquoise-encrusted plate armour {god gift}
 36465 | Vaults:2 | Identified the +1 plate armour of Fortification {rC++ Dex+4 Slay-4} (Okawaru gifted it to you on level 2 of the Vaults)
 36673 | Vaults:2 | Found Taismewi's Book Emporium.
 36844 | Vaults:2 | Found Cocyabem's Book Boutique.
 37575 | Vaults:2 | Found a staircase to the Crypt.
 37983 | Vaults:3 | Found a ruined gateway.
 38008 | Desolati | Entered the Desolation of Salt
 38094 | Desolati | Got a twitching silver ring
 38096 | Desolati | Identified the ring "Rinefaok" {rC+ rN+ Slay+5 Stlth-} (You found it in the Desolation of Salt)
 38135 | Desolati | Reached XP level 20. HP: 192/192 MP: 23/23
 38394 | Desolati | Got a heavily runed amber ring
 38395 | Desolati | Identified the ring "Ifesazay" {rC+ AC+3 Str+3 Stlth+} (You found it in the Desolation of Salt)
 38397 | Desolati | Identified Hoigon's Incunabulum of Glacial Damage Dealing
 38878 | Desolati | Got a distressingly furry large shield
 38884 | Desolati | Identified the +3 large shield "Jeuf" {rC+ rCorr} (You found it in the Desolation of Salt)
 38987 | Desolati | Received a gift from Okawaru
 40321 | Vaults:4 | Received a gift from Okawaru
 40488 | Vaults:4 | Found a roughly hewn altar of Beogh.
 40647 | Vaults:4 | Identified the Papyrus of Cankerous Flames
 40742 | Vaults:4 | Reached XP level 21. HP: 178/203 MP: 16/24
 41378 | Vaults:5 | Entered Level 5 of the Vaults
 41498 | Vaults:5 | Received a gift from Okawaru
 41704 | Vaults:5 | Paralysed by a floating eye for 2 turns
 41907 | Vaults:5 | Received a gift from Okawaru
 42229 | Vaults:5 | Reached XP level 22. HP: 214/215 MP: 19/25
 42315 | Vaults:5 | Lost mutation: You are partially covered in rugged brown scales. (AC +1, +3% HP) [potion of mutation]
 42315 | Vaults:5 | Lost mutation: You have large cloven feet. [potion of mutation]
 42315 | Vaults:5 | Gained mutation: Armour fits poorly on your strangely shaped body. [potion of mutation]
 42315 | Vaults:5 | Gained mutation: You have large cloven feet. [potion of mutation]
 42342 | Vaults:5 | Found Cyrerphua's Distillery.
 42352 | Vaults:5 | Bought a potion of heal wounds for 65 gold pieces
 42477 | Vaults:5 | Got a silver rune of Zot
 42488 | Vaults:5 | Found Ybaluil's Food Emporium.
 42504 | Vaults:5 | Found Migofut's Food Boutique.
 42516 | Vaults:5 | Found Gokkopni's Distillery.
 42526 | Vaults:5 | Bought a potion of might for 64 gold pieces
 42526 | Vaults:5 | Bought 2 potions of heal wounds for 160 gold pieces
 42526 | Vaults:5 | Bought 2 potions of curing for 96 gold pieces
 42530 | Vaults:5 | Found Ustacump's Food Shop.
 42548 | Vaults:5 | Found Begreax's Magic Scroll Shoppe.
 42552 | Vaults:5 | Bought a scroll of vulnerability for 105 gold pieces
 42558 | Vaults:5 | Found Amo Zaes's Distillery.
 42564 | Vaults:5 | Bought a potion of heal wounds for 80 gold pieces
 42564 | Vaults:5 | Bought a potion of curing for 48 gold pieces
 42564 | Vaults:5 | Bought a potion of haste for 160 gold pieces
 42564 | Vaults:5 | Bought 2 potions of resistance for 320 gold pieces
 42564 | Vaults:5 | Bought a potion of mutation for 128 gold pieces
 42566 | Vaults:5 | Lost mutation: You are occasionally teleported next to monsters. [potion of mutation]
 42566 | Vaults:5 | Gained mutation: Your movements are slightly less encumbered by armour. (ER -2) [potion of mutation]
 42579 | Vaults:5 | Found Conikoch's Food Boutique.
 42766 | Vaults:5 | Noticed a golden dragon
 42782 | Vaults:5 | Killed a golden dragon
 42782 | Vaults:5 | Received a gift from Okawaru
 42820 | Vaults:5 | Found the +8 mithril axe "Arga" {speed, MR+}
 42821 | Vaults:5 | Found the +4 Vampire's Tooth {vamp}
 42845 | Vaults:5 | Got a coiled bronze ring
 42846 | Vaults:5 | Identified the Almanac of Congealing Stones
 43253 | Crypt:1  | Entered Level 1 of the Crypt
 43393 | Crypt:1  | Received a gift from Okawaru
 43495 | Crypt:1  | Identified the ring "Ehecaf" {+Blink rC+ Int+5 SInv} (You found it on level 5 of the Vaults)
 43519 | Crypt:1  | Noticed Mennas
 43572 | Crypt:1  | Killed Mennas
 44178 | Crypt:1  | Noticed Donald
 44207 | Crypt:1  | Killed Donald
 44907 | Crypt:2  | Received a gift from Okawaru
 45068 | Crypt:2  | Reached XP level 23. HP: 194/220 MP: 19/26
 45084 | Crypt:2  | Noticed Frederick
 45097 | Crypt:2  | Killed Frederick
 45482 | Crypt:3  | Entered Level 3 of the Crypt
 45594 | Crypt:3  | Found a basalt altar of Yredelemnul.
 45777 | Crypt:3  | Noticed a curse toe
 45795 | Crypt:3  | Killed a curse toe
 46055 | Crypt:3  | Found an ancient bone altar of Kikubaaqudgha.
 46058 | Crypt:3  | Found a basalt altar of Yredelemnul.
 46477 | Crypt:3  | Found a staircase to the Tomb.
 47060 | Shoals:1 | Entered Level 1 of the Shoals
 48562 | Vaults:5 | Bought a scroll of enchant armour for 105 gold pieces
 48569 | Vaults:5 | Bought a potion of brilliance for 64 gold pieces
 49873 | Shoals:4 | Entered Level 4 of the Shoals
 49954 | Shoals:4 | Noticed Ilsuiw
 49975 | Shoals:4 | Killed Ilsuiw
 49975 | Shoals:4 | Reached XP level 24. HP: 215/231 MP: 20/26
 50109 | Shoals:4 | Received a gift from Okawaru
 50149 | Shoals:4 | Got a pitted great mace
 50150 | Shoals:4 | Identified the +6 great mace of Biongoza {drain, Stlth+} (You found it on level 4 of the Shoals)
 50869 | Shoals:4 | Got a barnacled rune of Zot
 51927 | Depths:1 | Entered Level 1 of the Depths
 52064 | Depths:1 | Found a magical portal.
 52069 | WizLab   | Entered Doroklohe's Tomb
 52316 | Depths:1 | Found a gateway to Hell.
 52460 | Depths:1 | Found a one-way gate leading to the halls of Pandemonium.
 52475 | Depths:1 | Lost mutation: You have a pair of large horns on your head. [a cacodemon]
 52508 | Depths:1 | Found a one-way gate to the infinite horrors of the Abyss.
 52637 | Depths:1 | Noticed Saint Roka
 52664 | Depths:1 | Killed Saint Roka
 52810 | Depths:1 | Received a gift from Okawaru
 53517 | Depths:2 | Received a gift from Okawaru
 53579 | Depths:2 | Found Voxoem Biplo's Distillery.
 53592 | Depths:2 | Bought a potion of flight for 63 gold pieces
 53592 | Depths:2 | Bought a potion of haste for 210 gold pieces
 53592 | Depths:2 | Bought a potion of heal wounds for 105 gold pieces
 53592 | Depths:2 | Bought a potion of flight for 63 gold pieces
 53592 | Depths:2 | Bought a potion of agility for 84 gold pieces
 53650 | Depths:2 | Reached skill level 27 in Armour
 53680 | Depths:2 | Noticed Louise
 53689 | Depths:2 | Reached XP level 25. HP: 238/242 MP: 19/26
 53705 | Depths:2 | Cast into level 3 of the Abyss (Louise)
 53718 | Depths:2 | Escaped the Abyss
 53751 | Depths:2 | Killed Louise
 54074 | Depths:2 | Found Berimew's Distillery.
 54082 | Depths:2 | Bought a potion of mutation for 168 gold pieces
 54082 | Depths:2 | Bought a potion of experience for 1050 gold pieces
 54084 | Depths:2 | Reached XP level 26. HP: 250/250 MP: 26/26
 54086 | Depths:2 | Lost mutation: You are agile. (Dex +2) [potion of mutation]
 54086 | Depths:2 | Lost mutation: You have large cloven feet. [potion of mutation]
 54086 | Depths:2 | Gained mutation: Your flesh is heat resistant. (rF+) [potion of mutation]
 54086 | Depths:2 | Gained mutation: You can translocate small distances at will. [potion of mutation]
 54086 | Depths:2 | Gained mutation: You are agile. (Dex +2) [potion of mutation]
 54839 | Depths:3 | Noticed a juggernaut
 54861 | Depths:3 | Paralysed by a floating eye for 3 turns
 54869 | Depths:3 | Paralysed by a floating eye for 2 turns
 55203 | Depths:3 | Killed a juggernaut
 55294 | Depths:3 | Received a gift from Okawaru
 55796 | Depths:3 | Lost mutation: You are agile. (Dex +2) [potion of mutation]
 55796 | Depths:3 | Lost mutation: Your flesh is heat resistant. (rF+) [potion of mutation]
 55796 | Depths:3 | Lost mutation: You have sharp fingernails. [potion of mutation]
 55796 | Depths:3 | Lost mutation: Armour fits poorly on your strangely shaped body. [potion of mutation]
 55796 | Depths:3 | Gained mutation: Your muscles are strong. (Str +2) [potion of mutation]
 55796 | Depths:3 | Gained mutation: You have sharp toenails. [potion of mutation]
 55796 | Depths:3 | Gained mutation: You are covered in fur. (AC +1) [potion of mutation]
 55913 | Depths:3 | Got a shimmering hand axe
 55914 | Depths:3 | Identified the +6 hand axe of Grandeur {chop, +Blink rF+ MP+9 SInv} (You found it on level 3 of the Depths)
 56129 | Depths:4 | Noticed Jorgrun
 56138 | Depths:4 | Killed Jorgrun
 56174 | Depths:4 | Noticed the Enchantress
 56199 | Depths:4 | Killed the Enchantress
 56209 | Depths:4 | Noticed Boris
 56238 | Depths:4 | Killed Boris
 56275 | Depths:4 | Paralysed by a floating eye for 3 turns
 56646 | Depths:4 | Reached XP level 27. HP: 263/263 MP: 26/26
 56698 | Depths:4 | Received a gift from Okawaru
 56702 | Depths:4 | Identified the +4 arbalest "Kukijij" {penet, rPois Int+6 Dex-3} (You found it on level 4 of the Depths)
 56991 | Depths:4 | Reached skill level 27 in Dodging
 57063 | Depths:5 | Entered Level 5 of the Depths
 57272 | Depths:5 | Noticed a juggernaut
 57289 | Depths:5 | Killed a juggernaut
 57364 | Depths:5 | Received a gift from Okawaru
 57392 | Depths:5 | Noticed an ancient lich
 57422 | Depths:5 | Killed an ancient lich
 57518 | Depths:5 | Got a pair of spiked gloves {god gift}
 57519 | Depths:5 | Identified the +3 pair of gloves "Voacsoc" {MP+9 Dex+4 Slay+2} (Okawaru gifted it to you on level 5 of the Depths)
 57646 | Depths:5 | Found a gateway to a ziggurat.
 57673 | Depths:5 | Reached skill level 27 in Fighting
 57966 | Depths:5 | Identified the Catalogue of Evil
 58200 | Depths:5 | Found a gate to the Realm of Zot.
 58607 | Tomb:1   | Entered Level 1 of the Tomb of the Ancients
 59813 | Hell     | Entered the Vestibule of Hell
 59813 | Hell     | Noticed Geryon
 59946 | Hell     | Killed Geryon
 59953 | Hell     | Reached skill level 15 in Polearms
 60182 | Hell     | Reached skill level 1 in Evocations
 60312 | Hell     | Found a gateway to the ashen valley of Gehenna.
 60770 | Hell     | Found a gateway to the decaying netherworld of Tartarus.
 60796 | Tar:1    | Entered Level 1 of Tartarus
 61003 | Hell     | Found a gateway to the freezing wastes of Cocytus.
 61091 | Hell     | Found a gateway to the Iron City of Dis.
 61951 | Depths:3 | Paralysed by a floating eye for 2 turns
 62165 | Depths:3 | Identified a +1 pair of boots of running (You found it on level 3 of the Depths)
 62312 | Depths:4 | Voluntarily entered the Abyss.
 62330 | Abyss:1  | Found a corrupted altar of Lugonu.
 62390 | Abyss:1  | Found a corrupted altar of Lugonu.
 62459 | Abyss:1  | Found a corrupted altar of Lugonu.
 62641 | Abyss:2  | Found a corrupted altar of Lugonu.
 62802 | Abyss:2  | Reached skill level 1 in Stealth
 62803 | Abyss:2  | Found a corrupted altar of Lugonu.
 63042 | Abyss:2  | Identified the +9 glaive of Drought {drain, rC- Str+4 Stlth+} (You found it on level 2 of the Abyss)
 63681 | Abyss:2  | Found a basalt altar of Yredelemnul.
 63824 | Abyss:3  | Reached skill level 5 in Stealth
 63933 | Abyss:3  | Received a gift from Okawaru
 63934 | Abyss:3  | Found the +2 robe of Vines {NoPotionHeal Regen+7}
 64144 | Depths:4 | Escaped the Abyss
 64364 | Depths:4 | Voluntarily entered the Abyss.
 64382 | Abyss:1  | Noticed an ancient lich
 64394 | Abyss:1  | Killed an ancient lich
 64519 | Depths:4 | Escaped the Abyss
 64683 | Depths:4 | Voluntarily entered the Abyss.
 64846 | Abyss:1  | Noticed an ancient lich
 64859 | Abyss:1  | Killed an ancient lich
 64931 | Abyss:1  | Found a corrupted altar of Lugonu.
 65178 | Depths:4 | Escaped the Abyss
 65192 | Depths:4 | Voluntarily entered the Abyss.
 65496 | Abyss:2  | Got a vibrating platinum amulet
 65498 | Abyss:2  | Identified the amulet of Neerrij {Reflect rElec Str+6 Dex+3 SH+4} (You acquired it on level 2 of the Abyss)
 65611 | Abyss:2  | Found a corrupted altar of Lugonu.
 66290 | Abyss:2  | Found a corrupted altar of Lugonu.
 66534 | Abyss:2  | Received a gift from Okawaru
 66603 | Abyss:3  | Lost mutation: Your muscles are strong. (Str +2) [potion of mutation]
 66603 | Abyss:3  | Lost mutation: You have sharp toenails. [potion of mutation]
 66603 | Abyss:3  | Lost mutation: You are covered in fur. (AC +1) [potion of mutation]
 66603 | Abyss:3  | Lost mutation: You can translocate small distances at will. [potion of mutation]
 66603 | Abyss:3  | Gained mutation: You evolve. [potion of mutation]
 66603 | Abyss:3  | Gained mutation: Your flesh is cold resistant. (rC+) [potion of mutation]
 66603 | Abyss:3  | Gained mutation: Your magical capacity is low. (-10% MP) [potion of mutation]
 66603 | Abyss:3  | Gained mutation: You are partially covered in thin metallic scales. (AC +2) [potion of mutation]
 66728 | Abyss:3  | Reached skill level 10 in Stealth
 66775 | Abyss:3  | Found a corrupted altar of Lugonu.
 66855 | Abyss:3  | Paralysed by accursed screaming for 1 turns
 67037 | Abyss:3  | Paralysed by accursed screaming for 1 turns
 67332 | Abyss:3  | Gained mutation: You are clumsy. (Dex -2) [a neqoxec]
 67384 | Abyss:4  | Found a corrupted altar of Lugonu.
 67588 | Abyss:4  | Received a gift from Okawaru
 67605 | Abyss:4  | Gained mutation: Your natural rate of healing is unusually fast. [evolution]
 67698 | Abyss:4  | Paralysed by accursed screaming for 1 turns
 67739 | Depths:4 | Escaped the Abyss
 67921 | Depths:4 | Voluntarily entered the Abyss.
 67934 | Abyss:1  | Gained mutation: You tend to lose your temper in combat. [a cacodemon]
 67936 | Abyss:1  | Reached skill level 1 in Throwing
 67936 | Abyss:1  | Reached skill level 5 in Evocations
 67982 | Depths:4 | Escaped the Abyss
 68038 | Depths:4 | Voluntarily entered the Abyss.
 68087 | Abyss:1  | Paralysed by accursed screaming for 1 turns
 68397 | Abyss:1  | Noticed an ancient lich
 68410 | Abyss:1  | Killed an ancient lich
 68821 | Abyss:2  | Received a gift from Okawaru
 69101 | Abyss:3  | Reached skill level 5 in Throwing
 69285 | Abyss:3  | Gained mutation: Your body sometimes deteriorates upon taking damage. [a neqoxec]
 69951 | Depths:4 | Escaped the Abyss
 70377 | Slime:1  | Entered Level 1 of the Pits of Slime
 70384 | Slime:1  | Gained mutation: Armour fits poorly on your strangely shaped body. [a shining eye]
 70387 | Slime:1  | Gained mutation: You occasionally shout uncontrollably at your foes. [a shining eye]
 70400 | Lair:5   | Fell from the grace of Okawaru
 70400 | Lair:5   | Became a worshipper of Jiyva Jynk the Shapeless
 70594 | Lair:5   | Reached * piety under Jiyva
 72077 | Slime:5  | Entered Level 5 of the Pits of Slime
 72213 | Slime:5  | Found a viscous altar of Jiyva.
 72214 | Slime:5  | Noticed the Royal Jelly
 72222 | Slime:5  | Found the +5 scythe "Finisher" {speed, Str+3}
 72757 | D:9      | Reached ** piety under Jiyva
 73340 | D:10     | Reached *** piety under Jiyva
 73349 | D:10     | Lost mutation: Armour fits poorly on your strangely shaped body. [Jiyva's grace]
 73445 | Orc:1    | Bought a potion of cancellation for 128 gold pieces
 73445 | Orc:1    | Bought a potion of haste for 160 gold pieces
 73445 | Orc:1    | Bought a potion of agility for 64 gold pieces
 73445 | Orc:1    | Bought 2 potions of haste for 320 gold pieces
 73445 | Orc:1    | Bought a potion of agility for 64 gold pieces
 73479 | Orc:1    | Lost mutation: You are clumsy. (Dex -2) [Jiyva's grace]
 73479 | Orc:1    | Reached **** piety under Jiyva
 73551 | Orc:2    | Gained mutation: You have a pair of large horns on your head. [Jiyva's grace]
 73554 | Orc:2    | Reached ***** piety under Jiyva
 73555 | Orc:2    | Gained mutation: You have acidic saliva. [Jiyva's grace]
 73560 | Orc:2    | Gained mutation: Your rubbery body absorbs attacks. (AC +1, EV +1) [Jiyva's grace]
 73703 | Orc:2    | Reached ****** piety under Jiyva
 73721 | Orc:2    | Lost mutation: You have a pair of large horns on your head. [Jiyva's grace]
 74014 | Slime:5  | Gained mutation: You have sharp fingernails. [Jiyva's grace]
 74039 | Slime:5  | Gained mutation: Your body has grown golden eyes which may confuse attackers. (Acc +3) [Jiyva's grace]
 74059 | Slime:5  | Got a slimy rune of Zot
 74074 | Slime:5  | Lost mutation: You tend to lose your temper in combat. [Jiyva's grace]
 74083 | Slime:5  | Got a vibrating silver ring
 74084 | Slime:5  | Identified the ring "Otziwkof" {Fire Int+2} (You found it on level 5 of the Pits of Slime)
 74084 | Slime:5  | Gained mutation: You possess an exceptional clarity of mind. [Jiyva's grace]
 74127 | Slime:5  | Lost mutation: Your magical capacity is low. (-10% MP) [Jiyva's power]
 74128 | Slime:5  | Lost mutation: Your body sometimes deteriorates upon taking damage. [Jiyva's power]
 74130 | Slime:5  | Lost mutation: You occasionally shout uncontrollably at your foes. [Jiyva's power]
 74134 | Slime:5  | Got a crystal great sword
 74135 | Slime:5  | Identified the +9 great sword of Conscience {slice, *Rage +Fly rF++ Int+3} (You found it on level 5 of the Pits of Slime)
 74592 | Vaults:1 | Gained mutation: You passively map a small area around you. [Jiyva's grace]
 74639 | Vaults:1 | Lost mutation: You have sharp fingernails. [Jiyva's grace]
 74928 | Depths:1 | Voluntarily entered the Abyss.
 74985 | Abyss:1  | Lost mutation: Your body has grown golden eyes which may confuse attackers. (Acc +3) [Jiyva's grace]
 75000 | Abyss:1  | Gained mutation: Your body sometimes deteriorates upon taking damage. [a neqoxec]
 75165 | Abyss:2  | Found a corrupted altar of Lugonu.
 75709 | Abyss:2  | Found an opulent altar of Gozag.
 76231 | Abyss:3  | Lost mutation: Your body sometimes deteriorates upon taking damage. [Jiyva's power]
 76600 | Abyss:3  | Got an abyssal rune of Zot
 76612 | Abyss:3  | Lost mutation: You passively map a small area around you. [Jiyva's grace]
 76787 | Abyss:3  | Gained mutation: You expend magic power (3 MP) to strengthen your wands. [a neqoxec]
 76872 | Abyss:3  | Identified the +4 large shield of Watchfulness {+Inv rElec} (You took it off a daeva on level 3 of the Abyss)
 77059 | Abyss:3  | Found a basalt altar of Yredelemnul.
 77131 | Depths:1 | Escaped the Abyss
 77234 | Vaults:1 | Gained mutation: Your flesh is very cold resistant. (rC++) [Jiyva's grace]
 77249 | Vaults:1 | Gained mutation: Your body sometimes deteriorates upon taking damage. [Jiyva's grace]
 77433 | Tomb:1   | Lost mutation: You expend magic power (3 MP) to strengthen your wands. [Jiyva's power]
 77434 | Tomb:1   | Lost mutation: Your body sometimes deteriorates upon taking damage. [Jiyva's power]
 77525 | Tomb:1   | Noticed a greater mummy
 77532 | Tomb:1   | Killed a greater mummy
 77776 | Tomb:1   | Noticed a greater mummy
 77801 | Tomb:1   | Killed a greater mummy
 77896 | Tomb:1   | Lost mutation: Your movements are slightly less encumbered by armour. (ER -2) [Jiyva's grace]
 78442 | Tar:1    | Lost mutation: Your flesh is very cold resistant. (rC++) [Jiyva's grace]
 78874 | Geh:1    | Entered Level 1 of Gehenna
 79017 | Hell     | Gained mutation: You are covered in slimy tendrils that may disarm your opponents. [Jiyva's grace]
 79097 | Geh:1    | Gained mutation: Your spells are a little harder to cast, but a little more powerful. [Jiyva's grace]
 79100 | Geh:1    | Lost mutation: Your spells are a little harder to cast, but a little more powerful. [Jiyva's grace]
 79421 | Temple   | Fell from the grace of Jiyva
 79421 | Temple   | Became a worshipper of Zin the Law-Giver
 79421 | Temple   | Reached * piety under Zin
 79421 | Temple   | Reached ** piety under Zin
 79422 | Temple   | Donated 1618 gold pieces to Zin
 79457 | Temple   | Reached *** piety under Zin
 79538 | D:7      | Reached **** piety under Zin
 79681 | D:15     | Reached ***** piety under Zin
 79788 | Zot:1    | Entered Level 1 of the Realm of Zot
 80170 | Zot:1    | Lost mutation: You are covered in slimy tendrils that may disarm your opponents. [the vengeance of Jiyva]
 80267 | Zot:1    | Gained mutation: You are weak. (Str -2) [mutagenic glow]
 80392 | Zot:1    | Gained mutation: You expend magic power (3 MP) to strengthen your wands. [the vengeance of Jiyva]
 80770 | Zot:1    | Reached skill level 10 in Invocations
 80780 | Zot:1    | Got a fine brass amulet
 80781 | Zot:1    | Identified the amulet of Jeonat Joirr {RegenMP +Inv rF+ Dex-3} (You acquired it on level 1 of the Realm of Zot)
 81250 | Zot:2    | Reached skill level 27 in Shields
 82133 | Zot:3    | Was forgiven by Okawaru
 82796 | Zot:4    | Lost mutation: Your rubbery body absorbs attacks. (AC +1, EV +1) [the vengeance of Jiyva]
 82842 | Zot:4    | Reached skill level 15 in Invocations
 83314 | Zot:5    | Entered Level 5 of the Realm of Zot
 83314 | Zot:5    | Noticed Renzlar's ghost (legendary GrFi)
 83327 | Zot:5    | Killed Renzlar's ghost
 83496 | Zot:5    | Lost mutation: You have acidic saliva. [the vengeance of Jiyva]
 83641 | Zot:5    | Noticed an ancient lich
 83651 | Zot:5    | Noticed an orb of fire
 83666 | Zot:5    | Killed an ancient lich
 83679 | Zot:5    | Noticed an ancient lich
 83718 | Zot:5    | Was placed under penance by Zin
 83719 | Zot:5    | Noticed an orb of fire
 83778 | Zot:5    | Noticed an orb of fire
 83784 | Zot:5    | Was forgiven by Zin
 83785 | Zot:5    | HP: 8/273 [orb of fire/fireball (62)]
 83792 | Zot:5    | Killed an orb of fire
 83854 | Zot:5    | Noticed an orb of fire
 83863 | Zot:5    | Killed an orb of fire
 84154 | Zot:5    | Killed an ancient lich
 84217 | Zot:5    | Noticed an orb of fire
 84224 | Zot:5    | Gained mutation: Your spells are a little easier to cast, but a little less powerful. [an orb of fire]
 84233 | Zot:5    | Killed an orb of fire
 84238 | Zot:5    | Noticed an orb of fire
 84255 | Zot:5    | Killed an orb of fire
 84441 | Zot:5    | Noticed an ancient lich
 84459 | Zot:5    | Killed an ancient lich
 85344 | Zig:1    | Entered Level 1 of a ziggurat
 85368 | Zig:2    | Entered Level 2 of a ziggurat
 85396 | Zig:3    | Entered Level 3 of a ziggurat
 85423 | Zig:4    | Entered Level 4 of a ziggurat
 85424 | Zig:4    | Noticed Nelysot the pandemonium lord
 85445 | Zig:4    | Killed Nelysot the pandemonium lord
 85478 | Zig:5    | Entered Level 5 of a ziggurat
 85770 | Zig:6    | Entered Level 6 of a ziggurat
 85949 | Zig:6    | Got a faintly glowing iron ring
 85950 | Zig:6    | Identified the ring "Gibookea" {rCorr -Tele *Slow MP+9 Slay+6} (You found it on level 6 of a ziggurat)
 85972 | Zig:7    | Entered Level 7 of a ziggurat
 85991 | Zig:7    | Found the +5 pair of quick blades "Gyre" and "Gimble" {pierce, Dex-3}
 86053 | Zig:8    | Entered Level 8 of a ziggurat
 86107 | Zig:8    | Reached ****** piety under Zin
 86128 | Zig:9    | Entered Level 9 of a ziggurat
 86320 | Zig:10   | Entered Level 10 of a ziggurat
 86416 | Zig:10   | Identified the amulet "Oclyel" {RegenMP +Blink rF++ Dex-2} (You found it on level 10 of a ziggurat)
 86534 | Zig:11   | Entered Level 11 of a ziggurat
 86547 | Zig:11   | Noticed a juggernaut
 86565 | Zig:11   | Killed a juggernaut
 86620 | Zig:11   | Identified the +3 shield of Ziupuamp {rPois SInv} (You found it on level 11 of a ziggurat)
 86631 | Zig:12   | Entered Level 12 of a ziggurat
 86679 | Zig:12   | Reached skill level 1 in Spellcasting
 86764 | Zig:13   | Entered Level 13 of a ziggurat
 86826 | Zig:13   | Reached skill level 5 in Spellcasting
 87028 | Zig:13   | Donated 1282 gold pieces to Zin
 87055 | Zig:13   | Identified the cursed -5 helmet of Untold Secrets {rN+ MR++} (You found it on level 13 of a ziggurat)
 87059 | Zig:14   | Entered Level 14 of a ziggurat
 87322 | Zig:14   | Identified Sif Muna's Grimoire of Augmentations and the Compass
 87344 | Zig:14   | Identified the Volume of the Virous Frostbite
 87347 | Zig:14   | Identified the Almanac of Twisted Creation
 87364 | Zig:15   | Entered Level 15 of a ziggurat
 87378 | Zig:15   | Noticed an ancient lich
 87393 | Zig:15   | Killed an ancient lich
 87434 | Zig:15   | Reached skill level 10 in Evocations
 87542 | Zig:15   | Identified the ring "Seddue" {rPois rF+++ rC- MR+ Stlth+} (You found it on level 15 of a ziggurat)
 87563 | Zig:16   | Entered Level 16 of a ziggurat
 87895 | Zig:17   | Entered Level 17 of a ziggurat
 87906 | Zig:17   | Noticed Heap the pandemonium lord
 87907 | Zig:17   | Noticed Qyliohaf the pandemonium lord
 87910 | Zig:17   | Noticed Voeqaih the pandemonium lord
 87921 | Zig:17   | Noticed Upikishry the pandemonium lord
 87922 | Zig:17   | Killed Voeqaih the pandemonium lord
 87947 | Zig:17   | Killed Qyliohaf the pandemonium lord
 87948 | Zig:17   | Noticed Utrior the pandemonium lord
 87955 | Zig:17   | Killed Upikishry the pandemonium lord
 87976 | Zig:17   | Killed Utrior the pandemonium lord
 87991 | Zig:17   | Killed Heap the pandemonium lord
 88033 | Zig:17   | Reached skill level 10 in Spellcasting
 88219 | Zig:17   | Got a faintly glowing diamond amulet
 88220 | Zig:17   | Identified the amulet of the Distant Future {Reflect Slay+2 SH+3} (You found it on level 17 of a ziggurat)
 88285 | Pan      | Entered Pandemonium
 88415 | Pan      | Found a runed door.
 88422 | Pan      | Found a runed door.
 88431 | Pan      | Identified the Almanac of Glacial Attacks
 88434 | Pan      | Found a runed door.
 88848 | Pan      | Noticed Uffi Sicir the pandemonium lord
 88866 | Pan      | Found a runed door.
 89631 | Pan      | Killed Uffi Sicir the pandemonium lord
 89948 | Pan      | Noticed Optur the pandemonium lord
 90335 | Pan      | Found an exit through the horrors of the Abyss.
 90347 | Pan      | Took an exit into the Abyss.
 90347 | Abyss:1  | Escaped into the Abyss
 91145 | Abyss:3  | Was forgiven by Jiyva
 91355 | Abyss:3  | Found a sacrificial altar of Ru.
 91419 | Abyss:4  | Found a corrupted altar of Lugonu.
 91474 | Abyss:4  | Reached skill level 15 in Evocations
 91770 | Abyss:4  | Found a corrupted altar of Lugonu.
 91798 | Abyss:4  | Found a corrupted altar of Lugonu.
 91822 | Abyss:4  | Paralysed by accursed screaming for 1 turns
 93460 | Abyss:5  | Entered Level 5 of the Abyss
 93926 | Depths:5 | Escaped the Abyss
 94120 | Pan      | Entered Pandemonium
 94155 | Pan      | Noticed listentometal's ghost (legendary OpFE)
 94168 | Pan      | Killed listentometal's ghost
 94540 | Pan      | Cast into level 3 of the Abyss (reaper)
 94560 | Abyss:3  | Found a sparkling altar of Nemelex Xobeh.
 94618 | Abyss:3  | Identified the +1 pair of boots of Wariness {*Corrode rF+ Int+2} (You found it on level 3 of the Abyss)
 94622 | Pan      | Escaped the Abyss
 94824 | Pan      | Noticed Turu Ill the pandemonium lord
 95137 | Pan      | Found an exit through the horrors of the Abyss.
 95147 | Pan      | Took an exit into the Abyss.
 95147 | Abyss:1  | Escaped into the Abyss
 95151 | Abyss:1  | Noticed an ancient lich
 95160 | Abyss:1  | Killed an ancient lich
 95489 | Abyss:1  | Found a corrupted altar of Lugonu.
 95490 | Abyss:1  | Noticed an ancient lich
 95499 | Abyss:1  | Killed an ancient lich
 95642 | Depths:5 | Escaped the Abyss
 95835 | Dis:1    | Entered Level 1 of the Iron City of Dis
 96155 | Dis:1    | Reached skill level 15 in Spellcasting
 97238 | Dis:2    | Found a huge runed gate.
 97238 | Dis:2    | Found a huge runed gate.
 97238 | Dis:2    | Found a huge runed gate.
 97238 | Dis:2    | Found a huge runed gate.
 97238 | Dis:2    | Found a huge runed gate.
 97239 | Dis:2    | Found a huge runed gate.
 97305 | Dis:2    | Found a huge runed gate.
 97305 | Dis:2    | Found a huge runed gate.
 97307 | Dis:2    | Found a huge runed gate.
 97308 | Dis:2    | Found a huge runed gate.
 97309 | Dis:2    | Found a huge runed gate.
 97309 | Dis:2    | Found a huge runed gate.
 97309 | Dis:2    | Found a huge runed gate.
 97309 | Dis:2    | Found a huge runed gate.
 97310 | Dis:2    | Found a huge runed gate.
 97311 | Dis:2    | Found a huge runed gate.
 97396 | Dis:2    | Found a huge runed gate.
 97397 | Dis:2    | Found a huge runed gate.
 97397 | Dis:2    | Found a huge runed gate.
 97398 | Dis:2    | Found a huge runed gate.
 97401 | Dis:2    | Found a huge runed gate.
 97401 | Dis:2    | Found a huge runed gate.
 97401 | Dis:2    | Found a huge runed gate.
 97401 | Dis:2    | Found a huge runed gate.
 98676 | Dis:2    | Lost mutation: You evolve. [end of evolution]
102248 | Dis:7    | Entered Level 7 of the Iron City of Dis
103276 | Dis:7    | Noticed the Serpent of Hell
103320 | Dis:7    | Killed the Serpent of Hell
103593 | Dis:7    | Noticed Dispater
104987 | Dis:7    | Killed Dispater
105071 | Dis:7    | Identified the +7 dagger of Arrival {vamp, rC- rN+ Int+4} (You found it on level 7 of the Iron City of Dis)
105076 | Dis:7    | Got an iron rune of Zot
105079 | Dis:7    | Identified the ring of Juezadda {rF+ rC+ MR+ Stlth-} (You found it on level 7 of the Iron City of Dis)
105232 | Dis:7    | Identified the cursed +3 dire flail of Saoqibyff {venom, rElec rF- rC+ MP+9} (You found it on level 7 of the Iron City of Dis)
108979 | Tar:3    | Gained mutation: You are clumsy. (Dex -2) [mutagenic glow]
109712 | Depths:2 | Bought a potion of curing for 63 gold pieces
109712 | Depths:2 | Bought a potion of curing for 63 gold pieces
109712 | Depths:2 | Bought a potion of haste for 210 gold pieces
109712 | Depths:2 | Bought a potion of agility for 84 gold pieces
109712 | Depths:2 | Bought a potion of might for 84 gold pieces
109712 | Depths:2 | Bought a potion of heal wounds for 105 gold pieces
113549 | Tar:7    | Entered Level 7 of Tartarus
114101 | Coc:1    | Entered Level 1 of Cocytus
114513 | Depths:4 | Identified the +0 pair of boots "Ruor" {MR+ Str+2 Int+6} (You found it on level 4 of the Depths)
114515 | Depths:4 | Identified the +11 hand axe "Fuinez" {holy, rElec} (You took it off a spriggan defender on level 4 of the Depths)
115856 | D:14     | Identified the +2 cloak of the Swamp {Str-5 Int+6 Dex+3} (Okawaru gifted it to you on level 14 of the Dungeon)
116776 | Coc:2    | Paralysed by a Zot trap for 2 turns
120030 | Orc:2    | Bought an embroidered hat for 189 gold pieces
120362 | Elf:3    | Bought a ration for 60 gold pieces
120362 | Elf:3    | Bought a ration for 60 gold pieces
120362 | Elf:3    | Bought a ration for 60 gold pieces
120362 | Elf:3    | Bought a ration for 60 gold pieces
120362 | Elf:3    | Bought a ration for 60 gold pieces
120362 | Elf:3    | Bought a ration for 60 gold pieces
120362 | Elf:3    | Bought a ration for 60 gold pieces
120362 | Elf:3    | Bought a ration for 60 gold pieces
120362 | Elf:3    | Bought a ration for 60 gold pieces
120362 | Elf:3    | Bought a ration for 60 gold pieces
120362 | Elf:3    | Bought a ration for 60 gold pieces
120362 | Elf:3    | Bought a ration for 60 gold pieces
122823 | Coc:5    | Noticed an ancient lich
122831 | Coc:5    | Killed an ancient lich
123425 | Coc:5    | Gained mutation: Your magical capacity is low. (-10% MP) [mutagenic glow]
125943 | Coc:7    | Entered Level 7 of Cocytus
126563 | Coc:7    | Reached skill level 27 in Evocations
126985 | Coc:7    | Noticed Antaeus
127941 | Coc:7    | Killed Antaeus
127947 | Coc:7    | Identified the +3 pair of gloves of Dim Light {Dex+4} (You found it on level 7 of Cocytus)
127954 | Coc:7    | Got an icy rune of Zot
128372 | Coc:7    | Identified the +8 dagger "Winluaqu" {pierce, +Blink rElec Dex+7 Stlth+} (You found it on level 7 of Cocytus)
134251 | Geh:7    | Entered Level 7 of Gehenna
134547 | Geh:7    | Reached skill level 15 in Stealth
135150 | Geh:7    | Noticed Asmodeus
135173 | Geh:7    | Killed Asmodeus
135182 | Geh:7    | Got an obsidian rune of Zot
137453 | Tar:7    | Noticed an ancient lich
137473 | Tar:7    | Killed an ancient lich
137696 | Tar:7    | Noticed Ereshkigal
137715 | Tar:7    | HP: 12/262 [Ereshkigal (16)]
137718 | Tar:7    | HP: 1/273 [Ereshkigal (9)]
138002 | Tar:7    | Noticed an ancient lich
138014 | Tar:7    | Killed an ancient lich
138162 | Tar:7    | Noticed an ancient lich
138174 | Tar:7    | Killed an ancient lich
138863 | Tar:7    | Reached skill level 27 in Invocations
139257 | Tar:7    | Identified the +2 triple sword of the Pyrrhic Victory {drain, *Noise +Blink MR++ Dex+4} (You found it on level 7 of Tartarus)
139259 | Tar:7    | Identified the +9 trident "Hyly Sujagh" {freeze, rC+ Dex+3 Stlth+} (You found it on level 7 of Tartarus)
139459 | Tar:7    | Identified the +1 pair of gloves of Komugoil {rN+ Str+2 Dex+3} (You found it on level 7 of Tartarus)
139756 | Tar:7    | Killed Ereshkigal
139789 | Tar:7    | Got a bone rune of Zot
140339 | Pan      | Entered the realm of Mnoleg.
140339 | Pan      | Entered Pandemonium
140862 | Pan      | Noticed Mnoleg
140894 | Pan      | Killed Mnoleg
141311 | Pan      | Got a glowing rune of Zot
141496 | Pan      | Found an exit through the horrors of the Abyss.
142129 | Pan      | Noticed Oheus the pandemonium lord
142147 | Pan      | Killed Oheus the pandemonium lord
142523 | Pan      | Entered the realm of Cerebov.
142719 | Pan      | Noticed Cerebov
142768 | Pan      | Killed Cerebov
142796 | Pan      | Got a smoking ivory amulet
142799 | Pan      | Identified the amulet "Kianug" {Spirit rElec Str+2} (You took it off a balrug in Pandemonium)
142993 | Pan      | Identified the +4 cloak "Qaumumoiv" {MR+} (You found it in Pandemonium)
143101 | Pan      | Identified the Catalogue of Excruciating Contamination
143794 | Pan      | Got a fiery rune of Zot
143973 | Pan      | Found an exit through the horrors of the Abyss.
144321 | Pan      | Noticed Arriojuj the pandemonium lord
144431 | Pan      | Killed Arriojuj the pandemonium lord
145295 | Pan      | Found an exit through the horrors of the Abyss.
145349 | Pan      | Noticed Taobbierph the pandemonium lord
145366 | Pan      | Killed Taobbierph the pandemonium lord
146623 | Pan      | Found a huge runed gate.
147125 | Pan      | Noticed Oskose the pandemonium lord
147174 | Pan      | Killed Oskose the pandemonium lord
147182 | Pan      | Entered the realm of Gloorx Vloq.
147244 | Pan      | Noticed Gloorx Vloq
147265 | Pan      | Killed Gloorx Vloq
147588 | Pan      | Got a dark rune of Zot
147979 | Pan      | Found an exit through the horrors of the Abyss.
148683 | Pan      | Noticed Aqaosa the pandemonium lord
148737 | Pan      | Killed Aqaosa the pandemonium lord
148751 | Pan      | Got a demonic rune of Zot
149093 | Pan      | Found an exit through the horrors of the Abyss.
149643 | Pan      | Found an exit through the horrors of the Abyss.
150273 | Pan      | Noticed Jieh the pandemonium lord
150678 | Pan      | Killed Jieh the pandemonium lord
150699 | Pan      | Reached skill level 27 in Stealth
150729 | Pan      | Reached skill level 1 in Transmutations
151008 | Pan      | Reached skill level 5 in Transmutations
151087 | Pan      | Found an exit through the horrors of the Abyss.
151690 | Pan      | Noticed Lyph the pandemonium lord
151711 | Pan      | Killed Lyph the pandemonium lord
151821 | Pan      | Reached skill level 10 in Transmutations
151883 | Pan      | Found an exit through the horrors of the Abyss.
152411 | Pan      | Reached skill level 1 in Unarmed Combat
152595 | Pan      | Noticed Hewyeb the pandemonium lord
152614 | Pan      | Killed Hewyeb the pandemonium lord
152746 | Pan      | Found an exit through the horrors of the Abyss.
153595 | Pan      | Identified Zemesagyn's Guide on Slavery
153665 | Pan      | Reached skill level 10 in Unarmed Combat
153878 | Pan      | Found an exit through the horrors of the Abyss.
154214 | Pan      | Entered the realm of Lom Lobon.
154298 | Pan      | Found an exit through the horrors of the Abyss.
154625 | Pan      | Noticed Lom Lobon
154675 | Pan      | Killed Lom Lobon
154708 | Pan      | Got a magical rune of Zot
154875 | Pan      | Took an exit into the Abyss.
154875 | Abyss:1  | Escaped into the Abyss
154959 | Abyss:1  | Paralysed by you for 4 turns
155164 | Depths:1 | Escaped the Abyss
155801 | Tomb:2   | Noticed a greater mummy
155801 | Tomb:2   | Noticed a greater mummy
155808 | Tomb:2   | Noticed a greater mummy
155811 | Tomb:2   | Noticed a greater mummy
155813 | Tomb:2   | Reached skill level 15 in Unarmed Combat
155826 | Tomb:2   | Zin protects you from harm!
155839 | Tomb:2   | Was placed under penance by Zin
155848 | Tomb:2   | Was forgiven by Zin
156352 | Tomb:3   | Entered Level 3 of the Tomb of the Ancients
156376 | Tomb:3   | Noticed a greater mummy
156379 | Tomb:3   | Noticed a greater mummy
156381 | Tomb:3   | Noticed an ancient lich
156381 | Tomb:3   | Noticed a greater mummy
156385 | Tomb:3   | HP: 9/273 [mummy priest/divine providence (17)]
156398 | Tomb:3   | Noticed an ancient lich
156401 | Tomb:3   | Zin protects you from harm!
156422 | Tomb:3   | HP: 13/273 [ancient lich/bolt of lightning (10)]
156423 | Tomb:3   | Killed an ancient lich
156424 | Tomb:3   | Killed an ancient lich
156443 | Tomb:3   | Noticed a greater mummy
156451 | Tomb:3   | Noticed a greater mummy
156451 | Tomb:3   | Noticed a greater mummy
156455 | Tomb:3   | Killed a greater mummy
156459 | Tomb:3   | Noticed a greater mummy
156473 | Tomb:3   | HP: 13/273 [greater mummy/divine providence (14)]
156480 | Tomb:3   | Killed a greater mummy
156481 | Tomb:3   | Killed from afar by an ancient champion

Skill      XL: |  1  2  3  4  5  6  7  8  9 10 11 12 13 14 15 16 17 18 19 20 21 22 23 24 25 26 27 |
---------------+----------------------------------------------------------------------------------+-----
Maces & Flails | 3 4 5 6 7 9 11 13 14 16 | 16.0
Armour         | 6 9 11 13 14 16 18 20 21 23 24 25 26 27 | 27.0
Shields        | 6 9 11 13 14 15 27 | 27.0
Dodging        | 3 5 6 8 9 10 12 13 14 15 17 19 21 22 24 25 26 27 | 27.0
Fighting       | 5 6 8 9 10 12 13 15 16 17 19 20 21 22 23 24 27 | 27.0
Invocations    | 1 4 5 27 | 27.0
Polearms       | 13 15 | 15.0
Evocations     | 27 | 27.0
Stealth        | 27 | 27.0
Throwing       | 6 |  6.0
Spellcasting   | 22 | 22.9
Transmutations | 12 | 12.0
Unarmed Combat | 17 | 17.3

Action                   |  1- 3 |  4- 6 |  7- 9 | 10-12 | 13-15 | 16-18 | 19-21 | 22-24 | 25-27 || total
-------------------------+-------+-------+-------+-------+-------+-------+-------+-------+-------++-------
Melee: Flail             |    11 |       |       |       |       |       |       |       |       ||    11
       Headbutt          |    17 |    21 |    69 |   150 |   308 |   458 |   696 |   657 |  5854 ||  8230
       Mace              |    65 |    86 |   319 |   413 |       |       |       |       |       ||   883
       Kick              |       |       |       |   188 |   496 |   193 |       |       |       ||   877
       Eveningstar       |       |       |       |   312 |  1092 |  1466 |    21 |       |       ||  2891
       Unarmed           |       |       |       |       |     4 |       |       |       |       ||     4
       Lance             |       |       |       |       |       |       |  2011 |  2359 | 19157 || 23527
       Bite              |       |       |       |       |       |       |       |       |   259 ||   259
       Sacred scourge    |       |       |       |       |       |       |       |       |    89 ||    89
Invok: Heroism           |       |       |     1 |    14 |    30 |    43 |    35 |    33 |    66 ||   222
       Finesse           |       |       |       |       |    11 |    19 |    20 |    19 |    25 ||    94
       Vitalisation      |       |       |       |       |       |       |       |       |   173 ||   173
       Recite            |       |       |       |       |       |       |       |       |   102 ||   102
       Sanctuary         |       |       |       |       |       |       |       |       |    13 ||    13
       Request Jelly     |       |       |       |       |       |       |       |       |    13 ||    13
       Imprison          |       |       |       |       |       |       |       |       |     7 ||     7
       Cure Bad Mutation |       |       |       |       |       |       |       |       |     7 ||     7
       Slimify           |       |       |       |       |       |       |       |       |     6 ||     6
       Donate Gold       |       |       |       |       |       |       |       |       |     2 ||     2
 Abil: Evoke Blink       |       |       |       |       |       |       |       |       |    14 ||    14
       Blink             |       |       |       |       |       |       |       |       |     4 ||     4
Evoke: Wand              |       |       |       |    24 |     8 |     4 |       |       |    29 ||    65
       Sack of spiders   |       |       |       |       |       |       |       |       |    16 ||    16
       Phial of floods   |       |       |       |       |       |       |       |       |     4 ||     4
       Fan of gales      |       |       |       |       |       |       |       |       |     2 ||     2
  Use: Scroll            |     1 |     9 |     4 |       |    10 |    24 |    11 |    15 |   104 ||   178
       Potion            |       |       |     6 |     6 |     9 |    20 |       |     4 |   118 ||   163
 Stab: Held in net/web   |       |       |       |       |       |     2 |       |       |     1 ||     3
       Distracted        |       |       |       |       |       |       |     2 |       |    36 ||    38
       Confused          |       |       |       |       |       |       |       |       |    94 ||    94
       Paralysed         |       |       |       |       |       |       |       |       |    11 ||    11
       Invisible         |       |       |       |       |       |       |       |       |     7 ||     7
       Sleeping          |       |       |       |       |       |       |       |       |     2 ||     2
  Eat: Chunk             |     1 |     2 |     4 |    17 |    14 |    11 |     3 |    13 |    20 ||    85
       Ration            |       |       |     2 |     3 |     5 |     8 |     5 |     7 |    82 ||   112
Armor: Scale mail        |    24 |    37 |    41 |       |       |       |       |       |       ||   102
       Chain mail        |       |       |    68 |   213 |    47 |       |       |       |       ||   328
       Skin              |       |       |       |    13 |       |       |       |       |       ||    13
       Plate armour      |       |       |       |       |   198 |    52 |       |       |       ||   250
       Fire dragon scale |       |       |       |       |       |    44 |       |       |       ||    44
       Crystal plate arm |       |       |       |       |       |   281 |   393 |   563 |  3344 ||  4581
Dodge: Dodged            |    12 |    18 |    76 |   266 |   320 |   554 |   616 |   868 |  6817 ||  9547
Block: Shield            |    28 |    23 |   165 |   432 |   589 |   924 |    11 |       |       ||  2172
       Buckler           |       |       |       |       |       |       |   551 |   654 |  7395 ||  8600
       Reflection        |       |       |       |       |       |       |       |       |   184 ||   184
